 Dungeon Crawl Stone Soup version 0.17-a0-2093-gc772f4b (webtiles) character file.

9 ololoev the Firebug (level 2, 19/19 HPs)
             Began as a Demonspawn Fire Elementalist on Oct 16, 2015.
             Quit the game on level 1 of the Dungeon.
             The game lasted 00:00:51 (215 turns).

ololoev the Firebug (Demonspawn Fire Elementalist)   Turns: 215, Time: 00:00:51

Health: 19/19      AC:  2    Str:  8    XL:     2   Next: 3%
Magic:  3/5        EV: 12    Int: 16    God:
Gold:   0          SH:  0    Dex: 13    Spells: 1 memorised, 4 levels left

rFire  . . .     SeeInvis .     (no weapon)
rCold  . . .     Clarity  .     a - +0 robe
rNeg   . . .     SustAt   .     (no shield)
rPois  .         Gourm    .     (helmet restricted)
rElec  .         Spirit   .     (no cloak)
rCorr  .         Warding  .     (no gloves)
rMut   .         Stasis   .     (no boots)
MR     .....                    (no amulet)
Stlth  ++........               (no ring)
                                (no ring)

@: not resistant to hostile enchantments, unstealthy
A: horns 1
a: no special abilities


Innate Abilities, Weirdness & Mutations

You have a pair of small horns on your head.

Inventory:

Armour
 a - a +0 robe (worn)
Scrolls
 d - a scroll of recharging {unknown}
Potions
 e - a potion of lignification {unknown}
Books
 b - a book of Flames

   Spells                             Type                      Level
   a - Flame Tongue                   Conjuration/Fire             1
   b - Throw Flame                    Conjuration/Fire             2
   c - Conjure Flame                  Conjuration/Fire             3
   d - Inner Flame                    Hexes/Fire                   3
   e - Sticky Flame                   Conjuration/Fire             4
   f - Fireball                       Conjuration/Fire             5
Comestibles
 c - a bread ration
 f - a chunk of flesh


   Skills:
 - Level 1.7 Dodging
 - Level 1.7 Stealth
 + Level 2.2 Spellcasting
 * Level 1.3 Conjurations
 + Level 2.9 Fire Magic


You had 4 spell levels left.
You knew the following spells:

 Your Spells              Type           Power        Failure   Level  Hunger
a - Flame Tongue          Conj/Fire      #....        10%         1    #......


You were on level 1 of the Dungeon.
You were not hungry.

You visited 1 branch of the dungeon, and saw 1 of its levels.

##.#.#.#. .....#..#...
#.....<.. #...#...#..
##.#.#.#. ..#....#.#
#........ .#.....#.#
##.#.#.#. .#........#
#........ (...#.....#
##.#.#.#. .#.#......#
#######) .......@..# ##.
.#........##### ##..
........#†##..#######..#
##.######..†.)..)...[...
# #......#####....
##......# ##..# #......#
#### #......# #......#

Notes
Turn   | Place    | Note
--------------------------------------------------------------
     0 | D:1      | ololoev the Demonspawn Fire Elementalist began the quest for the Orb.
     0 | D:1      | Reached XP level 1. HP: 13/13 MP: 3/3
   214 | D:1      | Gained mutation: You have a pair of small horns on your head. [demonic ancestry]
   214 | D:1      | Reached XP level 2. HP: 19/19 MP: 3/5
   215 | D:1      | Quit the game

Dungeon Overview and Level Annotations

Branches:
Dungeon (1/15)

Altars:


Message History

Press: ? - help, Shift-Dir - straight line, f - giant cockroach
Aim: a giant cockroach (clinging, hasn't noticed you)
The flame tongue hits the giant cockroach.
You kill the giant cockroach!
The bat moves out of view.
Casting: Flame Tongue
Confirm with . or Enter, or press ? or * to list all spells.
You can't see any susceptible monsters within range! (Use Z to cast anyway.)
Casting: Flame Tongue
Confirm with . or Enter, or press ? or * to list all spells.
Aiming: Flame Tongue
Press: ? - help, Shift-Dir - straight line, f - bat
Aim: a bat The flame tongue hits the bat.
You kill the bat!
You start resting.
Magic restored.
You see here a bat corpse.
The hobgoblin shouts!
The hobgoblin is too close now for your liking.
You see here a giant cockroach corpse.
Found 24 arrows.
Casting: Flame Tongue
Confirm with . or Enter, or press ? or * to list all spells.
Aiming: Flame Tongue
Press: ? - help, Shift-Dir - straight line, f - hobgoblin
Aim: a hobgoblin The flame tongue hits the hobgoblin.
You kill the hobgoblin!
You have reached level 2!
Your demonic ancestry asserts itself...
A pair of horns grows on your head!
Are you sure you want to abandon this character and quit the game? (Confirm with "yes".)
Okay, then.
Unknown command.
Unknown command.
Unknown command.
Unknown command.
Unknown command.
Are you sure you want to abandon this character and quit the game? (Confirm with "yes".)

There were no monsters in sight!

Vanquished Creatures
  2 bats (D:1)
  A goblin (D:1)
  3 hobgoblins (D:1)
  A giant cockroach (D:1)
  A rat (D:1)
8 creatures vanquished.

Action                   || total
-------------------------++-------
 Cast: Flame Tongue      ||    11

Vault maps used:
D:1:      dpeg_arrival_court, st_stairs_12, hangedman_decor_opposing
